 Dungeon Crawl Stone Soup version 0.23.1 (webtiles) character file.

Game seed: 0

242 Borgoz the Skirmisher (level 6, 0/51 (53) HPs)
             Began as a Ghoul Monk on Mar 6, 2019.
             Slain by Eustachio
             ... wielding a +2 rapier of electrocution
              (17 damage)
             ... on level 4 of the Dungeon.
             The game lasted 00:06:46 (3579 turns).

Borgoz the Skirmisher (Ghoul Monk)                  Turns: 3579, Time: 00:06:47

HP:   0/51 (53)     AC:  4    Str: 15    XL:     6   Next: 9%
MP:   5/5           EV: 13    Int:  7    God:
Gold: 184           SH:  0    Dex: 11    Spells: 5/5 levels left

rFire    . . .     SeeInvis .     - Unarmed
rCold    + . .     Gourm    .   (no shield)
rNeg     + + +     Faith    .   l - +0 leather armour
rPois    ∞         Spirit   .   (no helmet)
rElec    .         Reflect  .   (no cloak)
rCorr    .         Harm     .   (no gloves)
MR       .....                  u - +0 pair of boots
Stlth    ++........             (no amulet)
HPRegen  0.00/turn              (no ring)
MPRegen  0.09/turn              (no ring)

@: rotting
A: rotting body, claws 1, carnivore, cold resistance 1, negative energy
resistance 3, inhibited regeneration, torment resistance, unbreathing
a: no special abilities


You were on level 4 of the Dungeon.
You were not hungry.

You visited 1 branch of the dungeon, and saw 4 of its levels.

You collected 184 gold pieces.

Inventory:

Missiles
 g - 8 curare-tipped needles
 y - 16 poisoned needles
Armour
 l - a +0 leather armour (worn)
 u - a +0 pair of boots (worn)
Jewellery
 f - an uncursed ring of fire
 x - a +6 ring of strength {unknown}
Wands
 w - a wand of digging (7)
Scrolls
 a - a scroll of teleportation {unknown}
 c - a scroll of noise {unknown}
 k - a scroll of enchant armour {unknown}
 n - a scroll of enchant weapon {unknown}
 q - 2 scrolls of fear {unknown}
 r - 2 scrolls of amnesia {unknown}
 s - a scroll of remove curse {unknown}
 v - 2 scrolls of identify {unknown}
Potions
 d - 2 potions of cancellation {unknown}
 e - a potion of agility {unknown}
 h - a potion of heal wounds {unknown}
 i - a potion of haste {unknown}
 j - a potion of invisibility {unknown}
 m - a potion of ambrosia {unknown}
 o - 2 potions of curing {unknown}
 p - 2 potions of degeneration {unknown}
 t - a potion of brilliance {unknown}
 A - 2 potions of flight {unknown}
 B - a potion of resistance {unknown}
Comestibles
 b - 16 rations


   Skills:
 + Level 4.6 Fighting
 + Level 2.2 Armour
 + Level 3.8 Dodging
 - Level 2.1 Stealth
 + Level 4.5 Unarmed Combat


You had 5 spell levels left.
You didn't know any spells.
Your spell library contained the following spells:

 Spells                   Type           Power        Failure   Level  Hunger
 Magic Dart               Conj           #...         50%         1    ##.....
 Blink                    Tloc           N/A          65%         2    ###....
 Call Imp                 Summ           #.......     65%         2    ###....
 Slow                     Hex            #.......     65%         2    ###....
 Conjure Flame            Conj/Fire      #.......     86%         3    ####...
 Mephitic Cloud           Conj/Pois/Air  #.......     86%         3    ####...


Dungeon Overview and Level Annotations

Branches:
Dungeon (4/15)
 Temple: D:4-7

Altars:
Cheibriados
Fedhas
Gozag
The Shining One

Annotations:
D:4 Eustachio


Innate Abilities, Weirdness & Mutations

Your body is rotting away.
You thrive on raw meat.
You are immune to poison.
You have sharp fingernails.
You are carnivorous and can eat meat at any time.
Your flesh is cold resistant. (rC+)
You are immune to negative energy. (rN+++)
You do not regenerate when monsters are visible.
You are immune to unholy pain and torment.
You can survive without breathing.


Message History

Eustachio hits you but does no damage.
You closely miss Eustachio. Your claw misses Eustachio.
Eustachio is lightly wounded.
Eustachio hits you with a +2 rapier of electrocution.
You are electrocuted!
You closely miss Eustachio.
Eustachio is lightly wounded.
Eustachio casts a spell.
Eustachio blinks!
The shadow imp hits you.
Eustachio mumbles some strange words.
There is an open door here.
The shadow imp closely misses you.
Found a shiny scale mail.
Eustachio casts a spell.
Eustachio blinks!
The iron imp misses you.
Eustachio hits you with a +2 rapier of electrocution!
You are electrocuted!
You die...

....#...##...#.......[. ......
....#........+......... .....
....#........#......... ....
....#........#........ #...
....#).......#......# #...
....######...'......+ #...
##'......#...#......# #...
..#......#...#.55...# #...
+.#......#...#..@...# #####...
#.#......#...#.@....######.......
#.#......'...#...................
#.#......#...#...................
#.#......#...#...................
+.#......#...'............##'#...
..#......#...#............#..#...
##+......#...#......#######..#...
.........#...#......#........#...


You could see Eustachio, an iron imp and a shadow imp.

Vanquished Creatures
  A bullfrog (D:3)
  A bullfrog skeleton (D:4)
  A worker ant (D:4)
  3 adders
  2 oozes
  2 worms
  A dart slug (D:1)
  4 leopard geckos (D:1)
  An orc (D:3)
  2 ball pythons (D:4)
  2 giant cockroaches
  7 goblins
  10 hobgoblins
  11 jackals
  2 quokkas
  5 bats
  3 frilled lizards
  A jackal skeleton (D:4)
  5 kobolds
  12 rats
76 creatures vanquished.

Notes
Turn   | Place    | Note
-------+----------+-------------------------------------------
     0 | D:1      | Borgoz the Ghoul Monk began the quest for the Orb.
     0 | D:1      | Reached XP level 1. HP: 19/19 MP: 0/0
   142 | D:1      | Reached XP level 2. HP: 23/26 MP: 1/1
   719 | D:1      | Reached XP level 3. HP: 31/31 MP: 2/2
  1035 | D:2      | Reached skill level 1 in Armour
  1291 | D:2      | Reached XP level 4. HP: 40/40 MP: 3/3
  1786 | D:2      | Found a glowing golden altar of the Shining One.
  2167 | D:3      | Noticed a bullfrog
  2187 | D:3      | Killed a bullfrog
  2187 | D:3      | Reached XP level 5. HP: 18/47 MP: 4/4
  2388 | D:3      | Found a snail-covered altar of Cheibriados.
  2563 | D:3      | Found an opulent altar of Gozag.
  2704 | D:3      | Found a blossoming altar of Fedhas.
  3009 | D:4      | Reached XP level 6. HP: 22/53 MP: 5/5
  3569 | D:4      | Noticed Eustachio
  3579 | D:4      | Slain by Eustachio

Skill      XL: |  1  2  3  4  5 |
---------------+----------------+-----
Dodging        | 3 |  3.8
Armour         | 1 2 |  2.2
Fighting       | 4 |  4.6
Unarmed Combat | 4 |  4.5
Stealth        | |  2.1

Action                   |  1- 3 |  4- 6 || total
-------------------------+-------+-------++-------
Melee: Unarmed           |   120 |   161 ||   281
       Punch             |     2 |     3 ||     5
 Stab: Sleeping          |     3 |     4 ||     7
  Eat: Chunk             |     9 |     8 ||    17
Armor: Robe              |    15 |       ||    15
       Leather armour    |    10 |    21 ||    31
Dodge: Dodged            |    74 |    97 ||   171
